Oilers vs Blues

Created - 3 novembre 2025 at 07:56

Goals
1 2 3 OT1 SO T
Oilers 0 1 1 0 0 2
Blues 1 0 1 0 2 3
Shots
1 2 3 OT1 SO T
Oilers 8 14 11 1 2 34
Blues 18 7 9 1 2 35

GoalsPenalties
1st period
1. Blues , Josh Norris 4 (Marcus Johansson 10, Dawson Mercer 9) at 17:18
Brad Marchand (STL) for Holding (Minor) at 9:48
2nd period
2. Oilers , Chris Kreider 10 (Rasmus Dahlin 9, Ondrej Palat 6) at 17:18
Jack McBain (EDM) for Slashing (Minor) at 8:20
3rd period
3. Blues , Dawson Mercer 9 (Sean Walker 3, Marcus Johansson 11) at 7:56
4. Oilers , Moritz Seider 1 (Chris Kreider 7, Jared McCann 13) at 13:50 (PP)
Brayden Schenn (STL) for Interference (Minor) at 0:41
MacKenzie Weegar (STL) for Hooking (Minor) at 13:37
Josh Norris (STL) for Interference (Minor) at 14:52
Overtime #1
No Goal
Shootout
Oilers, Nico Hischier - Stopped by Darcy Kuemper
Blues, Brad Marchand - Goal!
Oilers, Adrian Kempe - Shot Misses the Net
Blues, Brandon Montour - Goal!
Goalie Stats
Petr Mrazek (EDM), 33 saves from 35 shots - (0,943), OTL, 6-2-2, 65:00 minutes
Darcy Kuemper (STL), 32 saves from 34 shots - (0,941), W, 5-4-0, 65:00 minutes
3 StarsOfficial
1 - Dawson Mercer (STL)
2 - Chris Kreider (EDM)
3 - Marcus Johansson (STL)
Referees : Chris Schlenker and Charly Hurley
Linesman : Dustin McCrank and Justine Todd
Game Note
No Game Note
Finance
Level 1 -- Attendance: 4241 (71%) -- Ticket Income $424,100
Level 2 -- Attendance: 3486 (70%) -- Ticket Income $209,160
Level 3 -- Attendance: 2749 (91%) -- Ticket Income $96,215
Level 4 -- Attendance: 3378 (84%) -- Ticket Income $67,560
Luxury Box -- Attendance: 1000 (100%) -- Ticket Income $200,000
Game was played at the Savvis Center.
Total Attendance: 14854 (78%)
Total Ticket Income: $997,035
Other Income: $299,110
Total Income: $1,296,145



Team Name Goals Shots Shots Attemp Shots Blocked PIM HIT PP PK FO%
Oilers 23455132191 / 4 (25%)050%
Blues 3356798200 / 1 (0%)150%

Oilers
Player Name POS G A P +/- PIM HIT SHT SB MP PP MP PP SHT PK MP PK SHT FO% FOT GA TA
Adam EdstromC/RW000-2021019:230:0000:49050% 200
Adrian KempeLW/RW0000015023:523:0600:29033% 312
Blake LizotteC/LW/RW000-1000010:410:0000:56050% 800
Chris KreiderLW/RW1121014020:173:0400:0000% 000
Cole SmithLW/RW000-1031011:480:0000:5200% 000
Frank VatranoLW/RW0000014321:223:0600:000100% 110
Jack McBainC000-1201011:000:0000:00033% 300
Jani HakanpääD0000010114:020:0000:0000% 001
Jared McCannC/LW0111024119:093:0410:00044% 2521
Moritz SeiderD101-1005120:402:5921:1500% 001
Nate SchmidtD000002007:213:1100:0000% 001
Nick BlankenburgD0000000113:340:0000:0000% 010
Nico HischierC0000013023:023:0600:03059% 2721
Noah GregorC/LW/RW000-100008:170:0000:4900% 100
Ondrej PalatLW/RW0111012019:093:0410:0000% 000
Radko GudasD0000022122:243:1100:4400% 001
Rasmus DahlinD0110021226:402:5901:1500% 001
Ty EmbersonD000-1001320:190:0000:4400% 000
Blues
Player Name POS G A P +/- PIM HIT SHT SB MP PP MP PP SHT PK MP PK SHT FO% FOT GA TA
Brad MarchandC/LW/RW0000233019:341:0301:14050% 421
Brandon MontourD000-1013023:521:2004:1110% 020
Brayden SchennC/LW/RW0000213019:571:0300:13058% 3101
Brendan SmithD0001000216:330:3900:0000% 000
Connor BrownRW0000000011:590:0101:3100% 000
Craig SmithC/LW/RW0000011012:430:0001:1500% 011
Dawson MercerC/LW/RW1121005019:490:5603:18035% 2011
Erik JohnsonD0001022014:240:0000:0000% 000
Josh NorrisC/LW1011204017:520:5600:000100% 200
Justin DanforthC/RW000001008:530:0000:0000% 000
MacKenzie WeegarD0001203326:481:2003:5800% 011
Marcus JohanssonLW/RW0221023018:150:5600:0000% 000
Pius SuterC/LW/RW0000045021:271:0203:18050% 400
Sean KuralyC0000011014:000:0001:31050% 800
Sean WalkerD0111010124:260:3901:5900% 002
Tanner PearsonLW/RW0000022010:200:0000:0000% 110
Victor OlofssonLW/RW000000008:580:0000:0000% 000
Zach BogosianD000-1010318:560:0002:1200% 010

Oilers

5 vs 5 Forward
Line #Left WingCenterRight WingPHYDFOFWanted %Time %Time Play
1Adrian KempeNico HischierFrank Vatrano1134035%18:24
2Chris KreiderJared McCannOndrej Palat1223031%16:12
3Cole SmithJack McBainAdam Edstrom1312020%10:35
4Noah GregorBlake LizotteAdam Edstrom2211013%6:40
5 vs 5 Defense
Line #DefenseDefensePHYDFOFWanted %Time %Time Play
1Rasmus DahlinRadko Gudas1223534%17:43
2Moritz SeiderTy Emberson1223533%17:12
3Jani HakanpääNick Blankenburg1222026%13:34
4Ty EmbersonRasmus Dahlin122106%3:22
Power Play Forward
Line #Left WingCenterRight WingPHYDFOFWanted %Time %Time Play
1Adrian KempeNico HischierFrank Vatrano1135050%3:06
2Chris KreiderJared McCannOndrej Palat1135050%3:04
Power Play Defense
Line #DefenseDefensePHYDFOFWanted %Time %Time Play
1Rasmus DahlinMoritz Seider1135048%2:59
2Radko GudasNate Schmidt1135052%3:11
Penalty Kill 4 Players Forward
Line #CenterWingPHYDFOFWanted %Time %Time Play
1Jack McBainCole Smith13155100%1:59
2Blake LizotteNoah Gregor131450%0:00
Penalty Kill 4 Players Defense
Line #DefenseDefensePHYDFOFWanted %Time %Time Play
1Rasmus DahlinMoritz Seider1315563%1:15
2Radko GudasTy Emberson1314537%0:44
Penalty Kill 3 Players
Line #WingPHYDFOFWanted %Time %Time PlayDefenseDefensePHYDFOFWanted %Time %Time Play
1Blake Lizotte131500%0:00 Rasmus DahlinMoritz Seider131500%0:00
2Cole Smith131500%0:00 Radko GudasTy Emberson131500%0:00
4 vs 4 Forward
Line #CenterWingPHYDFOFWanted %Time %Time Play
1Nico HischierAdrian Kempe122600%0:00
2Jared McCannFrank Vatrano122400%0:00
4 vs 4 Defense
Line #DefensePHYDFOFWanted %Time %Time Play
1Rasmus DahlinMoritz Seider122600%0:00
2Radko GudasNate Schmidt122400%0:00
Last Minutes Offensive
Left WingCenterRight WingDefenseDefense
Adrian KempeNico HischierFrank VatranoRasmus DahlinMoritz Seider
Last Minutes Defensive
Left WingCenterRight WingDefenseDefense
Cole SmithBlake LizotteNoah GregorRadko GudasTy Emberson
Time
Total ForwardTotal DefenseLast Minutes OffensiveLast Minutes Defensive
60:00 60:00 0:000:00
Extra Forwards
Normal PowerPlayPenalty Kill
Jack McBain, Blake Lizotte, Noah GregorJack McBain, Blake LizotteNoah Gregor
Extra Defensemen
Normal PowerPlayPenalty Kill
Jani Hakanpää, Nick Blankenburg, Ty EmbersonJani Hakanpää, Nick BlankenburgNate Schmidt
Penalty Shots
Nico Hischier, Adrian Kempe, Jared McCann, Frank Vatrano, Chris Kreider
Goalie
Petr Mrazek, Hunter Shepard
Scratches
Josh Brown (Healthy)

Blues

5 vs 5 Forward
Line #Left WingCenterRight WingPHYDFOFWanted %Time %Time Play
1Brad MarchandBrayden SchennPius Suter1223932%16:37
2Josh NorrisDawson MercerMarcus Johansson1222931%16:01
3Tanner PearsonSean KuralyConnor Brown1222020%10:20
4Craig SmithJustin DanforthVictor Olofsson1131217%8:53
5 vs 5 Defense
Line #DefenseDefensePHYDFOFWanted %Time %Time Play
1MacKenzie WeegarSean Walker1134037%19:18
2Brandon MontourZach Bogosian1223029%15:13
3Brendan SmithErik Johnson1222028%14:24
4MacKenzie WeegarBrandon Montour113106%2:56
Power Play Forward
Line #Left WingCenterRight WingPHYDFOFWanted %Time %Time Play
1Brad MarchandBrayden SchennPius Suter1046053%1:03
2Josh NorrisDawson MercerMarcus Johansson1134047%0:56
Power Play Defense
Line #DefenseDefensePHYDFOFWanted %Time %Time Play
1MacKenzie WeegarBrandon Montour11360100%1:59
2Brandon MontourMacKenzie Weegar113400%0:00
Penalty Kill 4 Players Forward
Line #CenterWingPHYDFOFWanted %Time %Time Play
1Dawson MercerPius Suter1316075%4:39
2Sean KuralyConnor Brown1314025%1:31
Penalty Kill 4 Players Defense
Line #DefenseDefensePHYDFOFWanted %Time %Time Play
1MacKenzie WeegarBrandon Montour1316068%4:11
2Sean WalkerZach Bogosian1314032%1:59
Penalty Kill 3 Players
Line #WingPHYDFOFWanted %Time %Time PlayDefenseDefensePHYDFOFWanted %Time %Time Play
1Pius Suter140600%0:00 MacKenzie WeegarBrandon Montour140600%0:00
2Dawson Mercer140400%0:00 Zach BogosianSean Walker122400%0:00
4 vs 4 Forward
Line #CenterWingPHYDFOFWanted %Time %Time Play
1Brayden SchennBrad Marchand122600%0:00
2Dawson MercerPius Suter122400%0:00
4 vs 4 Defense
Line #DefensePHYDFOFWanted %Time %Time Play
1MacKenzie WeegarSean Walker122600%0:00
2Brandon MontourZach Bogosian122400%0:00
Last Minutes Offensive
Left WingCenterRight WingDefenseDefense
Brad MarchandBrayden SchennPius SuterMacKenzie WeegarBrandon Montour
Last Minutes Defensive
Left WingCenterRight WingDefenseDefense
Pius SuterSean KuralyDawson MercerMacKenzie WeegarBrandon Montour
Time
Total ForwardTotal DefenseLast Minutes OffensiveLast Minutes Defensive
60:00 60:00 0:000:00
Extra Forwards
Normal PowerPlayPenalty Kill
Pius Suter, Marcus Johansson, Josh NorrisConnor Brown, Josh NorrisBrad Marchand
Extra Defensemen
Normal PowerPlayPenalty Kill
Brandon Montour, MacKenzie Weegar, Sean WalkerSean Walker, Zach BogosianMacKenzie Weegar
Penalty Shots
Brad Marchand, Brandon Montour, Brayden Schenn, Pius Suter, Dawson Mercer
Goalie
Darcy Kuemper, Tristan Jarry
Scratches
Tomas Nosek (Healthy), Wyatt Kaiser (Healthy)


Play-by-Play

1st period


0:01 of 1st period - Adrian Kempe wins face-off versus Brayden Schenn in neutral zone.
0:49 of 1st period - Icing by Ondrej Palat.
0:50 of 1st period - Jared McCann wins face-off versus Sean Kuraly in Oilers zone.
1:34 of 1st period - Rasmus Dahlin is hit by Zach Bogosian.
2:00 of 1st period - Radko Gudas is hit by Craig Smith.
2:08 of 1st period - Snap shot by Brandon Montour.
2:08 of 1st period - Stopped by Petr Mrazek with a rebound.
3:07 of 1st period - Wrist shot by Nico Hischier.
3:07 of 1st period - Stopped by Darcy Kuemper with a rebound.
3:13 of 1st period - Rasmus Dahlin is hit by Brandon Montour and loses puck.
3:42 of 1st period - Slapshot by Brandon Montour.
3:42 of 1st period - Shot Blocked by Rasmus Dahlin.
4:10 of 1st period - Wrist shot by Justin Danforth.
4:10 of 1st period - Shot Misses the Net.
4:12 of 1st period - Snap shot by Brandon Montour.
4:12 of 1st period - Deflect By Craig Smith.
4:12 of 1st period - Shot Misses the Net.
4:12 of 1st period - Puck is out of play.
4:13 of 1st period - Brayden Schenn wins face-off versus Jared McCann in Oilers zone.
4:51 of 1st period - Wrist shot by Dawson Mercer.
4:51 of 1st period - Stopped by Petr Mrazek without a rebound.
4:52 of 1st period - Jared McCann wins face-off versus Brayden Schenn in Oilers zone.
5:09 of 1st period - Slapshot by Pius Suter.
5:09 of 1st period - Shot Misses the Net.
5:47 of 1st period - Slapshot by Connor Brown.
5:47 of 1st period - Shot Blocked by Jani Hakanpää.
5:49 of 1st period - Wrist shot by Sean Kuraly.
5:49 of 1st period - Stopped by Petr Mrazek without a rebound.
5:50 of 1st period - Brayden Schenn wins face-off versus Jared McCann in Oilers zone.
6:17 of 1st period - MacKenzie Weegar is hit by Cole Smith and loses puck.
6:22 of 1st period - Snap shot by Jack McBain.
6:22 of 1st period - Shot Misses the Net.
6:24 of 1st period - Slapshot by Cole Smith.
6:24 of 1st period - Stopped by Darcy Kuemper without a rebound.
6:25 of 1st period - Brad Marchand wins face-off versus Jared McCann in Blues zone.
6:55 of 1st period - Wrist shot by Ondrej Palat.
6:55 of 1st period - Stopped by Darcy Kuemper without a rebound.
6:56 of 1st period - Sean Kuraly wins face-off versus Adam Edstrom in Blues zone.
7:27 of 1st period - Off-side.
7:28 of 1st period - Dawson Mercer wins face-off versus Jared McCann in neutral zone.
7:37 of 1st period - Slapshot by Josh Norris.
7:37 of 1st period - Stopped by Petr Mrazek with a rebound.
7:39 of 1st period - Wrist shot by Marcus Johansson.
7:39 of 1st period - Shot Misses the Net.
7:41 of 1st period - Snap shot by Josh Norris.
7:41 of 1st period - Shot Misses the Net.
7:43 of 1st period - Snap shot by Dawson Mercer.
7:43 of 1st period - Shot Misses the Net.
7:45 of 1st period - Slapshot by Erik Johnson.
7:45 of 1st period - Shot Blocked by Moritz Seider.
7:47 of 1st period - Slapshot by Erik Johnson.
7:47 of 1st period - Stopped by Petr Mrazek without a rebound.
7:48 of 1st period - Jack McBain wins face-off versus Brayden Schenn in Oilers zone.
7:58 of 1st period - Wrist shot by Brad Marchand.
7:58 of 1st period - Shot Misses the Net.
8:14 of 1st period - Brandon Montour is hit by Chris Kreider.
9:23 of 1st period - Wrist shot by Jared McCann.
9:23 of 1st period - Shot Blocked by MacKenzie Weegar.
9:25 of 1st period - Snap shot by Chris Kreider.
9:25 of 1st period - Deflect By Jared McCann.
9:25 of 1st period - Shot Misses the Net.
9:25 of 1st period - Puck is out of play.
9:26 of 1st period - Nico Hischier wins face-off versus Brayden Schenn in Blues zone.
9:37 of 1st period - Snap shot by Frank Vatrano.
9:37 of 1st period - Shot Blocked by Zach Bogosian.
9:39 of 1st period - Wrist shot by Frank Vatrano.
9:39 of 1st period - Stopped by Darcy Kuemper without a rebound.
9:40 of 1st period - Blake Lizotte wins face-off versus Pius Suter in Blues zone.
9:48 of 1st period - Minor Penalty to Brad Marchand for Holding.
9:49 of 1st period - Nico Hischier wins face-off versus Dawson Mercer in Blues zone.
10:21 of 1st period - Snap shot by Ondrej Palat.
10:21 of 1st period - Stopped by Darcy Kuemper with a rebound.
10:23 of 1st period - Slapshot by Moritz Seider.
10:23 of 1st period - Shot Misses the Net.
10:25 of 1st period - Snap shot by Chris Kreider.
10:25 of 1st period - Shot Blocked by MacKenzie Weegar.
10:45 of 1st period - Snap shot by Connor Brown.
10:45 of 1st period - Shot Misses the Net.
11:01 of 1st period - Pius Suter is hit by Nate Schmidt.
11:11 of 1st period - Snap shot by Brandon Montour.
11:11 of 1st period - Stopped by Petr Mrazek with a rebound.
11:48 of 1st period - Penalty to Brad Marchand is over, Brad Marchand is back on ice.
12:41 of 1st period - Adrian Kempe is hit by Erik Johnson.
13:34 of 1st period - Chris Kreider is hit by Sean Kuraly and loses puck.
13:55 of 1st period - Jack McBain is hit by Brad Marchand.
16:16 of 1st period - Slapshot by Brandon Montour.
16:16 of 1st period - Shot Blocked by Nick Blankenburg.
16:18 of 1st period - Slapshot by Brandon Montour.
16:18 of 1st period - Stopped by Petr Mrazek without a rebound.
16:19 of 1st period - Brayden Schenn wins face-off versus Blake Lizotte in Oilers zone.
16:22 of 1st period - Snap shot by Brayden Schenn.
16:22 of 1st period - Stopped by Petr Mrazek without a rebound.
16:23 of 1st period - Brayden Schenn wins face-off versus Jared McCann in Oilers zone.
16:28 of 1st period - Snap shot by Pius Suter.
16:28 of 1st period - Stopped by Petr Mrazek with a rebound.
16:50 of 1st period - Wrist shot by Brad Marchand.
16:50 of 1st period - Stopped by Petr Mrazek with a rebound.
16:58 of 1st period - Snap shot by Adrian Kempe.
16:58 of 1st period - Stopped by Darcy Kuemper with a rebound.
17:00 of 1st period - Snap shot by Rasmus Dahlin.
17:00 of 1st period - Shot Blocked by Brendan Smith.
17:12 of 1st period - Wrist shot by Marcus Johansson.
17:12 of 1st period - Deflect By Dawson Mercer.
17:12 of 1st period - Stopped by Petr Mrazek with a rebound.
17:14 of 1st period - Wrist shot by Marcus Johansson.
17:14 of 1st period - Shot Misses the Net.
17:16 of 1st period - Wrist shot by Josh Norris.
17:16 of 1st period - Stopped by Petr Mrazek with a rebound.
17:18 of 1st period - Slapshot by Josh Norris.
17:18 of 1st period - Goal by Josh Norris - Oilers : 0 - Blues : 1.
17:19 of 1st period - Dawson Mercer wins face-off versus Nico Hischier in neutral zone.
17:26 of 1st period - Wrist shot by Marcus Johansson.
17:26 of 1st period - Stopped by Petr Mrazek with a rebound.
17:28 of 1st period - Wrist shot by Dawson Mercer.
17:28 of 1st period - Shot Misses the Net.
17:30 of 1st period - Slapshot by Marcus Johansson.
17:30 of 1st period - Stopped by Petr Mrazek without a rebound.
17:31 of 1st period - Brayden Schenn wins face-off versus Adrian Kempe in Oilers zone.
17:46 of 1st period - Wrist shot by Pius Suter.
17:46 of 1st period - Stopped by Petr Mrazek without a rebound.
17:47 of 1st period - Dawson Mercer wins face-off versus Jared McCann in Oilers zone.
17:54 of 1st period - Slapshot by Moritz Seider.
17:54 of 1st period - Shot Misses the Net.
17:56 of 1st period - Slapshot by Moritz Seider.
17:56 of 1st period - Shot Misses the Net.
17:58 of 1st period - Slapshot by Ty Emberson.
17:58 of 1st period - Stopped by Darcy Kuemper without a rebound.
17:59 of 1st period - Nico Hischier wins face-off versus Brayden Schenn in Blues zone.
18:06 of 1st period - Slapshot by Adrian Kempe.
18:06 of 1st period - Shot Misses the Net.
18:51 of 1st period - Radko Gudas is hit by Tanner Pearson and loses puck.
19:20 of 1st period - Snap shot by MacKenzie Weegar.
19:20 of 1st period - Deflect By Adrian Kempe.
19:20 of 1st period - Stopped by Petr Mrazek without a rebound.
19:21 of 1st period - Brayden Schenn wins face-off versus Jared McCann in Oilers zone.
19:22 of 1st period - Snap shot by Brad Marchand.
19:22 of 1st period - Deflect By Pius Suter.
19:22 of 1st period - Stopped by Petr Mrazek without a rebound.
19:23 of 1st period - Jared McCann wins face-off versus Brayden Schenn in Oilers zone.
19:27 of 1st period - Icing by Ondrej Palat.
19:28 of 1st period - Brayden Schenn wins face-off versus Jared McCann in Oilers zone.
19:42 of 1st period - Wrist shot by Pius Suter.
19:42 of 1st period - Shot Misses the Net.
19:44 of 1st period - Slapshot by MacKenzie Weegar.
19:44 of 1st period - Shot Blocked by Jared McCann.
19:56 of 1st period - Slapshot by Rasmus Dahlin.
19:56 of 1st period - Shot Misses the Net.
19:58 of 1st period - Wrist shot by Radko Gudas.
19:58 of 1st period - Stopped by Darcy Kuemper with a rebound.
Goals for this period are 0 for Oilers vs 1 for Blues.
Shots for this period are 8 for Oilers vs 18 for Blues.

2nd period


0:01 of 2nd period - Brayden Schenn wins face-off versus Nico Hischier in neutral zone.
0:14 of 2nd period - Snap shot by Nico Hischier.
0:14 of 2nd period - Stopped by Darcy Kuemper without a rebound.
0:15 of 2nd period - Dawson Mercer wins face-off versus Nico Hischier in Blues zone.
0:43 of 2nd period - Off-side.
0:44 of 2nd period - Brayden Schenn wins face-off versus Jared McCann in neutral zone.
0:49 of 2nd period - Snap shot by Brayden Schenn.
0:49 of 2nd period - Stopped by Petr Mrazek with a rebound.
0:51 of 2nd period - Slapshot by Zach Bogosian.
0:51 of 2nd period - Shot Blocked by Rasmus Dahlin.
0:53 of 2nd period - Slapshot by Brad Marchand.
0:53 of 2nd period - Deflect By Brayden Schenn.
0:53 of 2nd period - Shot Misses the Net.
0:53 of 2nd period - Puck is out of play.
0:54 of 2nd period - Nico Hischier wins face-off versus Brayden Schenn in Oilers zone.
1:03 of 2nd period - Backhand shot by Brad Marchand.
1:03 of 2nd period - Stopped by Petr Mrazek without a rebound.
1:04 of 2nd period - Brayden Schenn wins face-off versus Nico Hischier in Oilers zone.
1:11 of 2nd period - Slapshot by Pius Suter.
1:11 of 2nd period - Stopped by Petr Mrazek with a rebound.
1:13 of 2nd period - Snap shot by Pius Suter.
1:13 of 2nd period - Shot Blocked by Ty Emberson.
1:15 of 2nd period - Wrist shot by Brayden Schenn.
1:15 of 2nd period - Stopped by Petr Mrazek without a rebound.
1:16 of 2nd period - Frank Vatrano wins face-off versus Sean Kuraly in Oilers zone.
1:21 of 2nd period - Tanner Pearson is hit by Frank Vatrano and loses puck.
1:28 of 2nd period - Nico Hischier is hit by Tanner Pearson and loses puck.
1:43 of 2nd period - Radko Gudas is hit by Pius Suter.
2:33 of 2nd period - Brendan Smith is hit by Adam Edstrom.
2:47 of 2nd period - Slapshot by Rasmus Dahlin.
2:47 of 2nd period - Stopped by Darcy Kuemper without a rebound.
2:48 of 2nd period - Blake Lizotte wins face-off versus Sean Kuraly in Blues zone.
2:55 of 2nd period - Snap shot by Moritz Seider.
2:55 of 2nd period - Shot Misses the Net.
3:08 of 2nd period - MacKenzie Weegar is hit by Jared McCann and loses puck.
3:13 of 2nd period - Wrist shot by Dawson Mercer.
3:13 of 2nd period - Stopped by Petr Mrazek without a rebound.
3:14 of 2nd period - Nico Hischier wins face-off versus Dawson Mercer in Oilers zone.
3:25 of 2nd period - Snap shot by Adrian Kempe.
3:25 of 2nd period - Stopped by Darcy Kuemper with a rebound.
3:27 of 2nd period - Slapshot by Frank Vatrano.
3:27 of 2nd period - Stopped by Darcy Kuemper with a rebound.
3:29 of 2nd period - Snap shot by Frank Vatrano.
3:29 of 2nd period - Stopped by Darcy Kuemper without a rebound.
3:30 of 2nd period - Brayden Schenn wins face-off versus Jared McCann in Blues zone.
3:57 of 2nd period - Frank Vatrano is hit by Marcus Johansson.
4:21 of 2nd period - Slapshot by Tanner Pearson.
4:21 of 2nd period - Stopped by Petr Mrazek with a rebound.
5:08 of 2nd period - Snap shot by Adrian Kempe.
5:08 of 2nd period - Stopped by Darcy Kuemper without a rebound.
5:09 of 2nd period - Pius Suter wins face-off versus Adrian Kempe in Blues zone.
5:29 of 2nd period - Off-side.
5:30 of 2nd period - Jared McCann wins face-off versus Dawson Mercer in neutral zone.
6:26 of 2nd period - Erik Johnson is hit by Adam Edstrom and loses puck.
7:16 of 2nd period - Off-side.
7:17 of 2nd period - Pius Suter wins face-off versus Nico Hischier in neutral zone.
7:19 of 2nd period - Sean Walker is hit by Nico Hischier and loses puck.
7:28 of 2nd period - Wrist shot by Frank Vatrano.
7:28 of 2nd period - Stopped by Darcy Kuemper with a rebound.
7:47 of 2nd period - Icing by Adam Edstrom.
7:48 of 2nd period - Dawson Mercer wins face-off versus Jack McBain in Oilers zone.
8:20 of 2nd period - Minor Penalty to Jack McBain for Slashing.
8:21 of 2nd period - Brayden Schenn wins face-off versus Noah Gregor in Oilers zone.
10:20 of 2nd period - Penalty to Jack McBain is over, Jack McBain is back on ice.
10:25 of 2nd period - Backhand shot by Tanner Pearson.
10:25 of 2nd period - Shot Misses the Net.
10:27 of 2nd period - Slapshot by Erik Johnson.
10:27 of 2nd period - Stopped by Petr Mrazek without a rebound.
10:28 of 2nd period - Jared McCann wins face-off versus Tanner Pearson in Oilers zone.
10:44 of 2nd period - Wrist shot by Jared McCann.
10:44 of 2nd period - Shot Misses the Net.
11:06 of 2nd period - Wrist shot by Craig Smith.
11:06 of 2nd period - Shot Blocked by Frank Vatrano.
13:11 of 2nd period - Pius Suter is hit by Radko Gudas.
13:15 of 2nd period - Radko Gudas is hit by Pius Suter.
13:27 of 2nd period - Icing by Connor Brown.
13:28 of 2nd period - Sean Kuraly wins face-off versus Nico Hischier in Blues zone.
14:03 of 2nd period - Slapshot by Jared McCann.
14:03 of 2nd period - Stopped by Darcy Kuemper without a rebound.
14:04 of 2nd period - Brayden Schenn wins face-off versus Nico Hischier in Blues zone.
14:26 of 2nd period - Icing by Brad Marchand.
14:27 of 2nd period - Jared McCann wins face-off versus Brayden Schenn in Blues zone.
14:34 of 2nd period - Wrist shot by Chris Kreider.
14:34 of 2nd period - Stopped by Darcy Kuemper with a rebound.
14:36 of 2nd period - Slapshot by Moritz Seider.
14:36 of 2nd period - Stopped by Darcy Kuemper without a rebound.
14:37 of 2nd period - Jared McCann wins face-off versus Dawson Mercer in Blues zone.
14:40 of 2nd period - Snap shot by Jared McCann.
14:40 of 2nd period - Shot Misses the Net.
14:42 of 2nd period - Wrist shot by Chris Kreider.
14:42 of 2nd period - Shot Misses the Net.
14:44 of 2nd period - Snap shot by Chris Kreider.
14:44 of 2nd period - Stopped by Darcy Kuemper without a rebound.
14:45 of 2nd period - Nico Hischier wins face-off versus Dawson Mercer in Blues zone.
15:14 of 2nd period - Ondrej Palat is hit by Pius Suter.
15:42 of 2nd period - Snap shot by Connor Brown.
15:42 of 2nd period - Shot Blocked by Ty Emberson.
16:16 of 2nd period - Slapshot by Chris Kreider.
16:16 of 2nd period - Stopped by Darcy Kuemper without a rebound.
16:17 of 2nd period - Dawson Mercer wins face-off versus Jared McCann in Blues zone.
16:29 of 2nd period - Slapshot by Rasmus Dahlin.
16:29 of 2nd period - Shot Misses the Net.
16:42 of 2nd period - Marcus Johansson is hit by Radko Gudas and loses puck.
16:46 of 2nd period - Brendan Smith is hit by Ondrej Palat.
17:05 of 2nd period - MacKenzie Weegar is hit by Rasmus Dahlin and loses puck.
17:18 of 2nd period - Slapshot by Rasmus Dahlin.
17:18 of 2nd period - Deflect By Chris Kreider.
17:18 of 2nd period - Goal by Chris Kreider - Oilers : 1 - Blues : 1.
17:19 of 2nd period - Nico Hischier wins face-off versus Brayden Schenn in neutral zone.
17:22 of 2nd period - Slapshot by Moritz Seider.
17:22 of 2nd period - Stopped by Darcy Kuemper with a rebound.
17:32 of 2nd period - Wrist shot by Pius Suter.
17:32 of 2nd period - Shot Blocked by Ty Emberson.
17:55 of 2nd period - Snap shot by Connor Brown.
17:55 of 2nd period - Shot Misses the Net.
18:25 of 2nd period - Josh Norris is hit by Jani Hakanpää and loses puck.
19:58 of 2nd period - Frank Vatrano is hit by Brayden Schenn.
Goals for this period are 1 for Oilers vs 0 for Blues.
Shots for this period are 14 for Oilers vs 7 for Blues.

3rd period


0:01 of 3rd period - Nico Hischier wins face-off versus Brayden Schenn in neutral zone.
0:15 of 3rd period - Rasmus Dahlin is hit by Brad Marchand and loses puck.
0:37 of 3rd period - Backhand shot by Jack McBain.
0:37 of 3rd period - Stopped by Darcy Kuemper without a rebound.
0:38 of 3rd period - Nico Hischier wins face-off versus Brad Marchand in Blues zone.
0:39 of 3rd period - Slapshot by Adrian Kempe.
0:39 of 3rd period - Stopped by Darcy Kuemper with a rebound.
0:41 of 3rd period - Minor Penalty to Brayden Schenn for Interference.
0:42 of 3rd period - Jared McCann wins face-off versus Dawson Mercer in Blues zone.
2:41 of 3rd period - Penalty to Brayden Schenn is over, Brayden Schenn is back on ice.
3:34 of 3rd period - Ty Emberson is hit by Marcus Johansson and loses puck.
4:13 of 3rd period - Frank Vatrano is hit by Erik Johnson and loses puck.
4:18 of 3rd period - Snap shot by Pius Suter.
4:18 of 3rd period - Shot Misses the Net.
4:32 of 3rd period - Nico Hischier is hit by Sean Walker.
5:11 of 3rd period - Noah Gregor is hit by Justin Danforth and loses puck.
5:24 of 3rd period - Radko Gudas is hit by Brad Marchand and loses puck.
6:16 of 3rd period - Snap shot by Chris Kreider.
6:16 of 3rd period - Shot Blocked by Brendan Smith.
7:19 of 3rd period - Backhand shot by Moritz Seider.
7:19 of 3rd period - Stopped by Darcy Kuemper with a rebound.
7:52 of 3rd period - Wrist shot by Marcus Johansson.
7:52 of 3rd period - Stopped by Petr Mrazek with a rebound.
7:54 of 3rd period - Slapshot by Sean Walker.
7:54 of 3rd period - Shot Misses the Net.
7:56 of 3rd period - Slapshot by Dawson Mercer.
7:56 of 3rd period - Goal by Dawson Mercer - Oilers : 1 - Blues : 2.
7:57 of 3rd period - Nico Hischier wins face-off versus Brayden Schenn in neutral zone.
9:08 of 3rd period - Snap shot by Adrian Kempe.
9:08 of 3rd period - Stopped by Darcy Kuemper without a rebound.
9:09 of 3rd period - Brayden Schenn wins face-off versus Nico Hischier in Blues zone.
9:24 of 3rd period - Slapshot by Pius Suter.
9:24 of 3rd period - Stopped by Petr Mrazek without a rebound.
9:25 of 3rd period - Josh Norris wins face-off versus Jared McCann in Oilers zone.
9:35 of 3rd period - Off-side.
9:36 of 3rd period - Brayden Schenn wins face-off versus Nico Hischier in neutral zone.
9:43 of 3rd period - Snap shot by Brayden Schenn.
9:43 of 3rd period - Shot Blocked by Radko Gudas.
10:03 of 3rd period - Sean Walker is hit by Jared McCann and loses puck.
10:25 of 3rd period - Icing by Sean Walker.
10:26 of 3rd period - Dawson Mercer wins face-off versus Jack McBain in Blues zone.
10:37 of 3rd period - Slapshot by MacKenzie Weegar.
10:37 of 3rd period - Stopped by Petr Mrazek without a rebound.
10:38 of 3rd period - Nico Hischier wins face-off versus Dawson Mercer in Oilers zone.
11:05 of 3rd period - Pius Suter is hit by Rasmus Dahlin.
11:14 of 3rd period - Zach Bogosian is hit by Cole Smith and loses puck.
11:38 of 3rd period - Off-side.
11:39 of 3rd period - Nico Hischier wins face-off versus Brad Marchand in neutral zone.
12:56 of 3rd period - Slapshot by Zach Bogosian.
12:56 of 3rd period - Shot Misses the Net.
12:58 of 3rd period - Slapshot by MacKenzie Weegar.
12:58 of 3rd period - Shot Blocked by Frank Vatrano.
13:00 of 3rd period - Slapshot by Brayden Schenn.
13:00 of 3rd period - Deflect By Frank Vatrano.
13:00 of 3rd period - Shot Blocked by Frank Vatrano.
13:00 of 3rd period - Puck is out of play.
13:01 of 3rd period - Brayden Schenn wins face-off versus Jared McCann in Oilers zone.
13:14 of 3rd period - Snap shot by Jared McCann.
13:14 of 3rd period - Stopped by Darcy Kuemper with a rebound.
13:16 of 3rd period - Snap shot by Jared McCann.
13:16 of 3rd period - Stopped by Darcy Kuemper with a rebound.
13:18 of 3rd period - Slapshot by Radko Gudas.
13:18 of 3rd period - Deflect By Pius Suter.
13:18 of 3rd period - Stopped by Darcy Kuemper without a rebound.
13:19 of 3rd period - Nico Hischier wins face-off versus Dawson Mercer in Blues zone.
13:37 of 3rd period - Minor Penalty to MacKenzie Weegar for Hooking.
13:38 of 3rd period - Jared McCann wins face-off versus Dawson Mercer in Blues zone.
13:42 of 3rd period - Snap shot by Jared McCann.
13:42 of 3rd period - Stopped by Darcy Kuemper without a rebound.
13:43 of 3rd period - Jared McCann wins face-off versus Dawson Mercer in Blues zone.
13:44 of 3rd period - Wrist shot by Ondrej Palat.
13:44 of 3rd period - Shot Blocked by Zach Bogosian.
13:46 of 3rd period - Snap shot by Moritz Seider.
13:46 of 3rd period - Stopped by Darcy Kuemper without a rebound.
13:47 of 3rd period - Jared McCann wins face-off versus Dawson Mercer in Blues zone.
13:48 of 3rd period - Wrist shot by Chris Kreider.
13:48 of 3rd period - Shot Blocked by Zach Bogosian.
13:50 of 3rd period - Snap shot by Moritz Seider.
13:50 of 3rd period - Goal by Moritz Seider - Oilers : 2 - Blues : 2.
13:51 of 3rd period - Nico Hischier wins face-off versus Brayden Schenn in neutral zone.
14:05 of 3rd period - Off-side.
14:06 of 3rd period - Brayden Schenn wins face-off versus Nico Hischier in neutral zone.
14:11 of 3rd period - Wrist shot by Brad Marchand.
14:11 of 3rd period - Stopped by Petr Mrazek without a rebound.
14:12 of 3rd period - Nico Hischier wins face-off versus Brayden Schenn in Oilers zone.
14:25 of 3rd period - Wrist shot by Nico Hischier.
14:25 of 3rd period - Stopped by Darcy Kuemper with a rebound.
14:52 of 3rd period - Minor Penalty to Josh Norris for Interference.
14:53 of 3rd period - Nico Hischier wins face-off versus Dawson Mercer in Blues zone.
15:11 of 3rd period - MacKenzie Weegar is hit by Nate Schmidt and loses puck.
15:28 of 3rd period - Wrist shot by Jared McCann.
15:28 of 3rd period - Shot Blocked by MacKenzie Weegar.
16:03 of 3rd period - Icing by Nico Hischier.
16:04 of 3rd period - Brad Marchand wins face-off versus Nico Hischier in Oilers zone.
16:52 of 3rd period - Penalty to Josh Norris is over, Josh Norris is back on ice.
17:52 of 3rd period - Frank Vatrano is hit by Pius Suter and loses puck.
18:17 of 3rd period - Snap shot by Josh Norris.
18:17 of 3rd period - Deflect By Marcus Johansson.
18:17 of 3rd period - Shot Misses the Net.
18:17 of 3rd period - Puck is out of play.
18:18 of 3rd period - Adam Edstrom wins face-off versus Dawson Mercer in Oilers zone.
18:39 of 3rd period - Dawson Mercer is hit by Cole Smith and loses puck.
19:10 of 3rd period - Snap shot by Josh Norris.
19:10 of 3rd period - Stopped by Petr Mrazek with a rebound.
19:12 of 3rd period - Snap shot by Dawson Mercer.
19:12 of 3rd period - Stopped by Petr Mrazek without a rebound.
19:13 of 3rd period - Sean Kuraly wins face-off versus Jared McCann in Oilers zone.
19:18 of 3rd period - Wrist shot by Tanner Pearson.
19:18 of 3rd period - Shot Misses the Net.
19:20 of 3rd period - Wrist shot by Tanner Pearson.
19:20 of 3rd period - Stopped by Petr Mrazek with a rebound.
19:22 of 3rd period - Slapshot by MacKenzie Weegar.
19:22 of 3rd period - Stopped by Petr Mrazek with a rebound.
19:55 of 3rd period - Icing by Adam Edstrom.
19:56 of 3rd period - Blake Lizotte wins face-off versus Pius Suter in Oilers zone.
Goals for this period are 1 for Oilers vs 1 for Blues.
Shots for this period are 11 for Oilers vs 9 for Blues.

Overtime #1


0:01 of 1st overtime period - Sean Kuraly wins face-off versus Blake Lizotte in neutral zone.
0:08 of 1st overtime period - Wrist shot by Craig Smith.
0:08 of 1st overtime period - Stopped by Petr Mrazek without a rebound.
0:09 of 1st overtime period - Blake Lizotte wins face-off versus Sean Kuraly in Oilers zone.
0:26 of 1st overtime period - Snap shot by Nate Schmidt.
0:26 of 1st overtime period - Shot Blocked by Sean Walker.
0:52 of 1st overtime period - Snap shot by Adam Edstrom.
0:52 of 1st overtime period - Stopped by Darcy Kuemper without a rebound.
0:53 of 1st overtime period - Brayden Schenn wins face-off versus Blake Lizotte in Blues zone.
1:06 of 1st overtime period - Brayden Schenn is hit by Adrian Kempe and loses puck.
4:32 of 1st overtime period - Icing by Jani Hakanpää.
4:33 of 1st overtime period - Josh Norris wins face-off versus Blake Lizotte in Oilers zone.
Goals for this period are 0 for Oilers vs 0 for Blues.
Shots for this period are 1 for Oilers vs 1 for Blues.

ShootOut


5:00 of 1st overtime period - Round #1.
5:00 of 1st overtime period - Oilers, Nico Hischier.
5:00 of 1st overtime period - Snap shot by Nico Hischier.
5:00 of 1st overtime period - Stopped by Darcy Kuemper.
5:00 of 1st overtime period - Blues, Brad Marchand.
5:00 of 1st overtime period - Deke by Brad Marchand.
5:00 of 1st overtime period - Goal by Brad Marchand.
5:00 of 1st overtime period - Round #2.
5:00 of 1st overtime period - Oilers, Adrian Kempe.
5:00 of 1st overtime period - Deke by Adrian Kempe.
5:00 of 1st overtime period - Shot Misses the Net.
5:00 of 1st overtime period - Blues, Brandon Montour.
5:00 of 1st overtime period - Wrist shot by Brandon Montour.
5:00 of 1st overtime period - Goal by Brandon Montour.
5:00 of 1st overtime period - Round #3.